 Dungeon Crawl Stone Soup version 0.30.1-3-gfc49f6343a (webtiles) character file.

Game seed: 12955407073293778587

239 Gorgoleon the Digger (level 6, -9/32 HPs)
             Began as a Gargoyle Earth Elementalist on Aug 8, 2023.
             Killed by an exploding orc wizard (30 damage)
             ... ignited by their inner flame
             ... on level 4 of the Dungeon.
             The game lasted 00:10:49 (3057 turns).

Gorgoleon the Digger (Gargoyle Earth Elementalist)  Turns: 3057, Time: 00:10:49

Health: -9/32      AC:  7    Str: 11    XL:     6   Next: 7%
Magic:  9/9        EV: 12    Int: 18    God:
Gold:   207        SH:  0    Dex: 16    Spells: 3/9 levels left

rFire   . . .        f - +2 dagger (venom)
rCold   . . .        (no shield)
rNeg    + . .        a - +1 robe
rPois   ∞            (no helmet)
rElec   +            (no cloak)
rCorr   .            (no gloves)
SInv    .            (no boots)
Will    .....        (no amulet)
Stlth   ++           r - +6 ring of dexterity
HPRegen 0.25/turn    (no ring)
MPRegen 0.11/turn

%: no passive effects
@: weak-willed
A: sickness immunity, AC +4, negative energy resistance 1, electricity
resistance, torment resistance 1, petrification resistance
a: no special abilities


You were on level 4 of the Dungeon.
You visited 1 branch of the dungeon, and saw 4 of its levels.

You collected 207 gold pieces.

Inventory:

Hand Weapons
 f - a +2 dagger of venom (weapon)
 s - the +5 spear of the Spectre {venom, *Slow rElec Str+3}
   (You took it off an orc on level 2 of the Dungeon)

   Str:       It affects your strength (+3).
   rElec:     It insulates you from electricity.
   *Slow:     It may slow you when you take damage.
Missiles
 c - 32 stones
 v - 6 poisoned darts
Armour
 a - a +1 robe (worn)
Jewellery
 r - a +6 ring of dexterity (left hand)
Scrolls
 g - 2 scrolls of teleportation
 i - 3 scrolls of fog
 q - 2 scrolls of vulnerability
Potions
 b - a potion of magic
 d - a potion of lignification
 h - 2 potions of might {unknown}
 j - a potion of flight
 m - a potion of brilliance
 n - 5 potions of curing
 o - a potion of resistance {unknown}
 p - a potion of mutation {unknown}
 w - a potion of attraction {unknown}


   Skills:
 - Level 1.5 Dodging
 - Level 2.1 Stealth
 - Level 2.0 Spellcasting
 * Level 1.5 Conjurations
 - Level 0.7 Transmutations
 * Level 7.6 Earth Magic


You had 3 spell levels left.
You knew the following spells:

 Your Spells              Type           Power      Damage    Failure   Level
a - Sandblast             Erth           58%        2d13      1%          1
b - Stone Arrow           Conj/Erth      36%        3d9       9%          3
c - Passwall              Tmut/Erth      13%        N/A       4%          2

Your spell library contained the following spells:

 Spells                   Type           Power      Damage    Failure   Level
 Petrify                  Tmut/Erth      16%        N/A       32%         4
 Animate Dead             Necr           1%         N/A       87%         4
 Simulacrum               Ice/Necr       0%         N/A       100%        6
 Haunt                    Necr/Summ      0%         N/A       100%        7
 Ozocubu's Refrigeration  Ice            0%         4d7       100%        7
 Infestation              Necr           0%         N/A       100%        8
 Polar Vortex             Ice            0%         N/A       100%        9


Dungeon Overview and Level Annotations

Branches:
Dungeon (4/15)
 Temple: D:4-7

Altars:


Innate Abilities, Weirdness & Mutations

You are immune to sickness and miasma.
Your stone body is resilient. (AC +4)
You are immune to poison.
You resist negative energy. (rN+)
You are resistant to electric shocks. (rElec)
You are resistant to unholy torment.
You are immune to petrification.


Message History

2 orcs come into view.
An orc is wielding a +1 mace of protection.
Your orc wizard mumbles some strange words.
Your orc wizard flickers and vanishes for a moment.
The orc shouts!
The orc closely misses your goblin.
Your goblin closely misses the orc.
Your orc wizard points at the orc and mumbles some strange words.
The orc resists with significant effort.
The orc completely misses your goblin.
Your goblin barely misses the orc.
The orc barely misses your goblin.
Your goblin hits the orc with a +0 club.
The orc barely misses your goblin. The orc closely misses your goblin.
Your goblin hits the orc with a +0 club.
The orc dies!
The orc barely misses your goblin.
Your goblin hits the orc but does no damage.
The orc hits your goblin with a +1 mace of protection.
Your goblin's corpse dissolves into shadows!
Your goblin explodes!
The fiery explosion engulfs the orc!!
You kill the orc!
The fiery explosion engulfs your orc wizard!!!
Your orc wizard's corpse dissolves into shadows!
The fiery explosion engulfs your orc!!!
Your orc's corpse dissolves into shadows!
The fiery explosion engulfs your orc!!!
Your orc's corpse dissolves into shadows!
Your orc explodes!
The fiery explosion engulfs your orc!
Your orc's corpse dissolves into shadows!
The fiery explosion engulfs your orc!!
Your orc's corpse dissolves into shadows!
The fiery explosion engulfs you!
Your orc explodes!
The fiery explosion engulfs your hound!!!
Your hound's corpse dissolves into shadows!
Your hound explodes!
Your orc explodes! x2; Your orc wizard explodes!
The fiery explosion engulfs you!!
Ouch! That really hurt!
You die...

#.#......
###.#..##.# .#
.......##.##..#
#.....o....#
#.#§§..oo..#
#§§#####.#..# #
#§§# #..#
#.#§§#####.##..
#.)§§@......# .
.....!>§§...###.#
######......#
#......# #......#
#......# ##....##
#....#


There were no monsters in sight!

Vanquished Creatures
  A scorpion (D:3)
  A sleepcap (D:3)
  3 gnolls (D:3)
  3 adders (D:3)
  2 dart slugs
  13 orcs
  8 bats
  4 endoplasms
  4 giant cockroaches
  5 goblins
  7 hobgoblins
  6 jackals
  5 quokkas
  4 ball pythons
  4 frilled lizards
  8 kobolds
  2 rats
80 creatures vanquished.

Vanquished Creatures (collateral kills)
  An orc (D:4)
1 creature vanquished.

Grand Total: 81 creatures vanquished

Notes
Turn   | Place    | Note
-------+----------+-------------------------------------------
     0 | D:1      | Gorgoleon the Gargoyle Earth Elementalist began the quest
                  | for the Orb.
     0 | D:1      | Reached XP level 1. HP: 10/10 MP: 3/3
    94 | D:1      | Reached skill level 4 in Earth Magic
    96 | D:1      | Reached XP level 2. HP: 15/15 MP: 0/5
   578 | D:1      | Reached skill level 5 in Earth Magic
   578 | D:1      | Reached XP level 3. HP: 19/19 MP: 4/6
   582 | D:1      | Learned a level 3 spell: Stone Arrow
  1453 | D:2      | Identified the +5 spear of the Spectre {venom, *Slow rElec
                  | Str+3}
  1461 | D:2      | Reached XP level 4. HP: 24/24 MP: 5/7
  1508 | D:2      | Found a faded altar of an unknown god.
  2050 | D:3      | Reached skill level 6 in Earth Magic
  2085 | D:3      | Reached skill level 1 in Conjurations
  2097 | D:3      | Reached XP level 5. HP: 23/28 MP: 3/8
  2256 | D:3      | Learned a level 2 spell: Passwall
  2292 | D:3      | Reached skill level 7 in Earth Magic
  2634 | D:3      | Reached XP level 6. HP: 32/32 MP: 7/9
  3057 | D:4      | Killed by an exploding orc wizard... ignited by their inner
                  | flame

Illustrated notes

Levels and vault maps discovered:
D:1:      minmay_arrival_loop, layout_loops_ring,
          nicolae_kite_square_tiling_tiny, minmay_three_crescents
D:2:      layout_loops_ring, hellmonk_ecumenical_altar_defaced_shrine
D:3:      layout_loops_ring, serial_glass, glass_columns_b, glass_columns_c,
          minivault_4, nrook_mini_backslash, kennysheep_generic_room_4
D:4:      layout_basic, marbit_many_paths, serial_shops, shop,
          gammafunk_ghost_icy, grunt_ministairs_1

Skill      XL: |  1  2  3  4  5 |
---------------+----------------+-----
Earth Magic    | 4 5 6 7 |  7.6
Conjurations   | 1 |  1.5
Dodging        | |  1.5
Stealth        | |  2.1
Spellcasting   | |  2.0
Transmutations | |  0.7

Action                     |  1- 3 |  4- 6 || total
---------------------------+-------+-------++-------
  Melee: Short sword       |    12 |       ||    12
         Unarmed           |     2 |       ||     2
         Dagger            |    79 |    15 ||    94
   Cast: Sandblast         |    25 |    40 ||    65
    Use: Scroll            |       |    11 ||    11
   Stab: Sleeping          |     1 |     2 ||     3
 Armour: Robe              |    43 |     6 ||    49
  Dodge: Dodged            |    53 |    11 ||    64
